 Dungeon Crawl Stone Soup version 0.27-a0-101-g3cb999cee2 (webtiles) character file.

Game seed: 17794820087464954105

133 kernelcode the Shield-Bearer (level 4, -2/36 HPs)
             Began as a Minotaur Fighter on Jan 21, 2021.
             Was an Initiate of Hepliaklqana.
             Slain by a goblin (5 damage)
             ... led by Robin
             ... on level 3 of the Dungeon.
             The game lasted 00:11:46 (1782 turns).

kernelcode the Shield-Bearer (Minotaur Fighter)     Turns: 1782, Time: 00:11:46

Health: -2/36      AC: 10    Str: 21    XL:     4   Next: 94%
Magic:  3/3        EV:  6    Int:  5    God:    Hepliaklqana [......]
Gold:   54         SH:  9    Dex: 10    Spells: 3/3 levels left

rFire    . . .     SeeInvis .   a - +0 war axe
rCold    . . .     Faith    .   c - +0 kite shield
rNeg     . . .     Spirit   .   h - +0 chain mail
rPois    .         Reflect  .   (helmet restricted)
rElec    .         Harm     .   (no cloak)
rCorr    .         Rampage  .   s - +0 pair of gloves
Will     .....                  (no boots)
Stlth    ..........             (no amulet)
HPRegen  0.12/turn              (no ring)
MPRegen  0.08/turn              (no ring)

@: no status effects
A: retaliatory headbutt, reduced essence, horns 2
a: Renounce Religion, Recall Ancestor, Ancestor Identity


You were on level 3 of the Dungeon.
You worshipped Hepliaklqana.
Hepliaklqana was noncommittal.
You visited 1 branch of the dungeon, and saw 3 of its levels.

You collected 54 gold pieces.

Inventory:

Hand Weapons
 a - a +0 war axe (weapon)
 q - a +0 rapier
Missiles
 e - 35 sling bullets
 g - 52 stones (quivered)
Armour
 b - a +0 scale mail
 c - a +0 kite shield (worn)
 h - a +0 chain mail (worn)
 i - a +0 robe
 r - a +0 chain mail
 s - a +0 pair of gloves (worn)
Scrolls
 j - 2 scrolls of teleportation
 m - 3 scrolls of fear
 n - 2 scrolls of identify
Potions
 d - 3 potions of might
 f - 4 potions of attraction
 o - a potion of mutation {unknown}
 p - a potion of haste {unknown}


   Skills:
 + Level 4.0 Fighting
 + Level 4.2 Axes
 + Level 4.2 Armour
 + Level 1.4 Dodging
 + Level 0.1 Stealth
 + Level 4.7 Shields


You had 3 spell levels left.
You didn't know any spells.
Your spell library was empty.

Dungeon Overview and Level Annotations

Branches:
Dungeon (3/15)

Altars:
Hepliaklqana

Annotations:
D:3 Grinder, Robin


Innate Abilities, Weirdness & Mutations

You reflexively headbutt those who attack you in melee.
You have a pair of horns on your head.
Your life essence is reduced to manifest your ancestor. (-10% HP)


Message History

Your chain mail prevents you from hitting the goblin.
The goblin shouts!
You hit Grinder. You block the goblin's attack. Grinder gestures at you.
Pain shoots through your body!
* * * LOW HITPOINT WARNING * * *
Robin says, "My goblins will feast on your bones."
Robin throws the goblin at you!
The goblin hits you but does no damage. x3
You barely miss the goblin. Your headbutt misses the goblin.
Your chain mail prevents you from hitting the goblin.
You hit Grinder but do no damage. You hit the goblin but do no damage.
You block Grinder's attack. The goblin hits you but does no damage.
A hobgoblin comes into view.
You block the goblin's attack. Grinder hits you but does no damage.
You closely miss the goblin.
The hobgoblin shouts!
Your headbutt misses the goblin. You barely miss the goblin.
You closely miss the goblin. You hit Grinder. You miss the goblin.
The goblin completely misses you. The goblin hits you.
You die...

.##############
..............
#............
#............
#............
+............
#####....).......
#......g<........
#......@gg..#+###
#.....5gg...#
#........gg....
#(...........g..
#...............
+...........g...
#.....$.....(...
##.#+####......


You could see Grinder, Robin, 2 hobgoblins and 6 goblins.

Vanquished Creatures
  A worker ant (D:2)
  2 worms (D:2)
  4 dart slugs
  A leopard gecko (D:2)
  A giant cockroach (D:1)
  7 goblins
  2 hobgoblins
  12 kobolds
  2 ball pythons (D:1)
  8 bats
  3 frilled lizards
  5 rats
48 creatures vanquished.

Vanquished Creatures (collateral kills)
  A scorpion (D:2)
  An ooze (D:2)
2 creatures vanquished.

Grand Total: 50 creatures vanquished

Notes
Turn   | Place    | Note
-------+----------+-------------------------------------------
     0 | D:1      | kernelcode the Minotaur Fighter began the quest for the
                  | Orb.
     0 | D:1      | Reached XP level 1. HP: 19/19 MP: 0/0
    67 | D:1      | Reached XP level 2. HP: 14/27 MP: 1/1
   575 | D:1      | Reached XP level 3. HP: 29/33 MP: 2/2
  1255 | D:2      | Reached XP level 4. HP: 39/40 MP: 3/3
  1273 | D:2      | Found a hazy altar of Hepliaklqana.
  1287 | D:2      | Became a worshipper of Hepliaklqana the Forgotten
  1352 | D:2      | Reached skill level 1 in Dodging
  1769 | D:3      | Noticed Grinder
  1778 | D:3      | Noticed Robin
  1782 | D:3      | Slain by a goblin

Illustrated notes

Levels and vault maps discovered:
D:1:      lemuel_arrival_funnel, layout_loops_ring, nrook_loot_triangle,
          chequers_serial_rivers_small_a
D:2:      layout_rooms, old_standard_altar, lightli_corner_chamber
D:3:      minmay_razor_zed, layout_basic, moated_statue, uniq_grinder,
          uniq_robin, uniq_ijyb, uniq_terence

Skill      XL: |  1  2  3  4 |
---------------+-------------+-----
Armour         | 4 |  4.2
Shields        | 4 |  4.7
Axes           | 3 4 |  4.2
Fighting       | 4 |  4.0
Dodging        | 1 |  1.4
Stealth        | |  0.1

Action                   |  1- 3 |  4- 6 || total
-------------------------+-------+-------++-------
Melee: War axe           |    83 |    23 ||   106
       Headbutt          |    10 |     6 ||    16
  Use: Scroll            |     1 |     5 ||     6
Armor: Scale mail        |    10 |       ||    10
       Chain mail        |    11 |     9 ||    20
       Robe              |    14 |     1 ||    15
Dodge: Dodged            |    33 |     9 ||    42
Block: Kite shield       |    44 |    12 ||    56

Table legend: (Time is in decaauts)
 A = Elapsed time spent in this place.
 B = Non-inter-level travel time spent in this place.
 C = Inter-level travel time spent in this place.
 D = Time resting spent in this place.
 E = Time spent auto-exploring this place.
 F = Levels seen in this place.
 G = Mean time per level.
                   A        B        C        D        E       F      G
               +--------+--------+--------+--------+--------+-----+--------+
         Total |   1825 |   1670 |    155 |      0 |   1114 |   3 |  608.3 |
       Dungeon |   1825 |   1670 |    155 |      0 |   1114 |   3 |  608.3 |
               +--------+--------+--------+--------+--------+-----+--------+

Top non-repeatable levels by time:
     D:1: 1130 daAuts
     D:2: 678 daAuts
     D:3: 16 daAuts
